 Dungeon Crawl Stone Soup version 0.30-a0-953-g5f1da4a474 (webtiles) character file.

Game seed: 12571989540000499370

1596 DeathPants the Slasher (level 8, 0/43 HPs)
             Began as a Vine Stalker Gladiator on Mar 28, 2023.
             Slain by an orc warrior
             ... wielding a +0 hand axe
              (4 damage)
             ... on level 7 of the Dungeon.
             The game lasted 00:18:37 (4971 turns).

DeathPants the Slasher (Vine Stalker Gladiator)     Turns: 4971, Time: 00:18:38

Health: 0/43       AC:  6    Str: 22    XL:     8   Next: 93%
Magic:  0/9        EV: 14    Int:  8    God:
Gold:   438        SH:  0    Dex: 19    Spells: 7/7 levels left

rFire   . . .      SeeInvis .    a - +1 long sword
rCold   . . .      Faith    .    (no shield)
rNeg    . . .      Spirit   +    u - +0 leather armour {rPois}
rPois   +          Reflect  .    c - +1 helmet
rElec   .          Rampage  .    (no cloak)
rCorr   +                        y - +0 pair of gloves
Will    +....                    (no boots)
Stlth   +                        q - amulet of the acrobat
HPRegen 1.07/turn                f - ring of resist corrosion
MPRegen 0.11/turn                E - +6 ring of strength

@: no status effects
A: fangs 3, regeneration 1, magic shield, antimagic bite, no potion heal 2
a: no special abilities


You were on level 7 of the Dungeon.
You visited 1 branch of the dungeon, and saw 7 of its levels.
You also visited: Sewer.

You collected 438 gold pieces.

Inventory:

Hand Weapons
 a - a +1 long sword (weapon)
Missiles
 d - a throwing net (quivered)
 e - a javelin
 g - 45 poisoned darts
 j - 4 boomerangs
 r - 2 atropa-tipped darts
 z - 2 curare-tipped darts
Armour
 c - a +1 helmet (worn)
 k - a +0 chain mail
 u - a +0 leather armour of poison resistance (worn)
 y - a +0 pair of gloves (worn)
Jewellery
 f - a ring of resist corrosion (left hand)
 q - an amulet of the acrobat (around neck)
 E - a +6 ring of strength (right hand)
Wands
 l - a wand of roots (10)
 C - a wand of polymorph (2)
 D - a wand of paralysis (3)
Scrolls
 A - a scroll of blinking
 B - a scroll of enchant weapon
 F - 3 scrolls of teleportation
Potions
 b - 3 potions of haste
 i - 2 potions of flight
 m - 2 potions of cancellation
 n - 2 potions of curing {unknown}
 o - a potion of lignification {unknown}
 p - a potion of berserk rage {unknown}
 s - 2 potions of resistance {unknown}
 t - 2 potions of invisibility {unknown}
 v - 5 potions of brilliance {unknown}
 w - 2 potions of mutation {unknown}
 x - 2 potions of experience {unknown}


   Skills:
 + Level 5.2 Fighting
 * Level 7.6 Long Blades
 - Level 1.7 Throwing
 + Level 5.1 Dodging


You had 7 spell levels left.
You didn't know any spells.
Your spell library contained the following spells:

 Spells                   Type           Power      Damage    Failure   Level
 Lesser Beckoning         Tloc           0%         N/A       58%         2
 Scorch                   Fire           0%         2d5       58%         2
 Frozen Ramparts          Ice            0%         1d1       83%         3
 Gell's Gravitas          Tloc           0%         N/A       83%         3
 Ignite Poison            Fire/Tmut/Pois 0%         N/A       83%         3
 Teleport Other           Tloc           0%         N/A       83%         3
 Flame Wave               Conj/Fire      0%         2d4       99%         4
 Ice Form                 Ice/Tmut       0%         N/A       99%         4
 Sticky Flame             Conj/Fire      0%         2d3       99%         4
 Summon Ice Beast         Ice/Summ       0%         N/A       99%         4
 Summon Cactus Giant      Summ           0%         N/A       100%        6
 Ignition                 Fire           0%         3d3       100%        8


Dungeon Overview and Level Annotations

Branches:
Dungeon (7/15)              Sewer (visited)
 Temple: D:4-7

Altars:
Hepliaklqana
Xom

Annotations:
D:5 digging


Innate Abilities, Weirdness & Mutations

You have razor-sharp teeth.
Your natural rate of healing is unusually fast.
When hurt, damage is shared between your health and your magic reserves.
Your bite disrupts and absorbs the magic of your enemies.
Potions cannot restore your health.


Message History

* * * LOW HITPOINT WARNING * * *
The orc warrior attacks as you move away!
The orc warrior barely misses you.
The orc warrior attacks as you move away!
The orc warrior closely misses you.
You slash the orc warrior! Your bite misses the orc warrior.
The orc warrior is severely wounded.
The orc warrior hits you with a +0 hand axe.
* * * LOW HITPOINT WARNING * * *
You hit the orc warrior but do no damage.
Your bite misses the orc warrior.
The orc warrior is severely wounded.
The orc warrior hits you with a +0 hand axe!
* * * LOW HITPOINT WARNING * * *
An iguana and a bullfrog come into view.
The iguana hisses angrily.
Found a buckler.
The bullfrog gives a loud, deep croak!
You hit the orc warrior but do no damage.
You bite the orc warrior. You drain its power.
You feel invigorated.
The orc warrior is almost dead.
The bullfrog releases a deep croak.
The orc warrior misses you.
You closely miss the orc warrior.
You bite the orc warrior, but do no damage.
The orc warrior is almost dead.
The bullfrog barely misses you.
The orc warrior hits you with a +0 hand axe!
* * * LOW HITPOINT WARNING * * *
As you read the scroll of fear, it crumbles to dust.
You assume a fearsome visage.
The iguana looks frightened!
The bullfrog looks frightened!
The orc warrior looks frightened!
The orc warrior seems to regain its courage.
The orc warrior hits you with a +0 hand axe!
* * * LOW HITPOINT WARNING * * *
Items here: )) [ †.
You closely miss the orc warrior.
The orc warrior is almost dead.
The orc warrior hits you with a +0 hand axe.
You die...

### #.#
#.#
#$###
#)o@#
###.#
#.#
#.##
#..#
##.#
#.##
#..#
##....#


You could see an orc warrior.

Vanquished Creatures
  Eustachio (D:5)
  2 ice beasts
  A phantom (D:5)
  5 kobold brigands
  A bullfrog (D:7)
  A howler monkey (D:5)
  3 hounds
  2 orc priests
  2 gnoll boudas
  2 sleepcaps
  An iguana (D:5)
  19 gnolls
  12 adders
  A white imp (D:5)
  A worm (D:4)
  A dart slug (D:3)
  9 orcs
  5 bats
  7 endoplasms
  4 giant cockroaches
  25 hobgoblins
  31 kobolds
  2 quokkas
  3 ball pythons
  3 frilled lizards
  33 goblins
  14 rats
191 creatures vanquished.

Vanquished Creatures (others)
  A fungus (Sewer)
  A plant (Sewer)
2 creatures vanquished.

Grand Total: 193 creatures vanquished

Notes
Turn   | Place    | Note
-------+----------+-------------------------------------------
     0 | D:1      | DeathPants the Vine Stalker Gladiator began the quest for
                  | the Orb.
     0 | D:1      | Reached XP level 1. HP: 11/11 MP: 2/2
   219 | D:1      | Reached XP level 2. HP: 15/15 MP: 3/3
   221 | D:1      | Reached skill level 3 in Long Blades
   844 | D:2      | Reached XP level 3. HP: 18/18 MP: 4/4
  1331 | D:2      | Gained mutation: Your natural rate of healing is unusually
                  | fast. [Vine Stalker growth]
  1331 | D:2      | Reached XP level 4. HP: 23/23 MP: 5/5
  1536 | D:3      | Found a hazy altar of Hepliaklqana.
  1537 | D:3      | Found a shimmering altar of Xom.
  1538 | D:3      | Noticed a spectral ugly thing
  1538 | D:3      | Noticed a thorn hunter
  1987 | D:3      | Reached skill level 4 in Long Blades
  2053 | D:3      | Reached XP level 5. HP: 27/27 MP: 4/6
  2579 | D:3      | Reached XP level 6. HP: 22/32 MP: 4/7
  2826 | D:5      | Entered Level 5 of the Dungeon
  2854 | D:5      | Noticed an ice beast
  2866 | D:5      | Killed an ice beast
  2867 | D:5      | Reached skill level 5 in Long Blades
  3008 | D:5      | Reached XP level 7. HP: 34/36 MP: 8/8
  3159 | D:5      | Noticed Eustachio
  3172 | D:5      | Found a glowing drain.
  3189 | D:5      | Killed Eustachio
  3202 | Sewer    | Entered a sewer
  3336 | Sewer    | Reached skill level 6 in Long Blades
  3467 | Sewer    | Gained mutation: You have razor-sharp teeth. [Vine Stalker
                  | growth]
  3467 | Sewer    | Reached XP level 8. HP: 23/42 MP: 9/9
  4217 | D:5      | Paralysed by a gnoll for 5 turns
  4250 | D:5      | Reached skill level 7 in Long Blades
  4669 | D:6      | Reached skill level 5 in Fighting
  4722 | D:6      | Reached skill level 5 in Dodging
  4957 | D:7      | HP: 1/43 [orc warrior/+0 hand axe (5)]
  4971 | D:7      | Slain by an orc warrior

Illustrated notes

Levels and vault maps discovered:
D:1:      dpeg_arrival_arbitrary_a, layout_basic, minmay_misc_feat_four_crosses
D:2:      layout_loops_ring
D:3:      minmay_goblin_kobold_castle, layout_rooms,
          regret_index_temple_of_mockery
D:4:      minmay_door_path, layout_cave_pools
D:5:      layout_rooms, portal_sewer_entry_b, due_unseen_surprise,
          uniq_eustachio
D:6:      cheibrodos_thug_alley, layout_basic, minmay_temple_entry_butterflies
D:7:      layout_rooms, kennysheep_diamond, uniq_menkaure

Skill      XL: |  1  2  3  4  5  6  7  8 |
---------------+-------------------------+-----
Fighting       | 2 3 4 5 |  5.2
Long Blades    | 3 4 5 6 7 |  7.6
Dodging        | 3 4 5 |  5.1
Throwing       | |  1.7

Action                     |  1- 3 |  4- 6 |  7- 9 || total
---------------------------+-------+-------+-------++-------
  Melee: Long sword        |    77 |   182 |   270 ||   529
         Bite              |    12 |    37 |    90 ||   139
         Punch             |     1 |       |     4 ||     5
  Throw: Throwing net      |       |     1 |     2 ||     3
    Use: Scroll            |       |    12 |     4 ||    16
   Stab: Sleeping          |     1 |       |       ||     1
         Held in net/web   |       |       |     1 ||     1
 Armour: Leather armour    |     3 |       |   111 ||   114
         Chain mail        |    44 |   109 |    28 ||   181
  Dodge: Dodged            |    31 |   148 |   417 ||   596

Table legend: (Time is in decaauts)
 A = Elapsed time spent in this place.
 B = Non-inter-level travel time spent in this place.
 C = Inter-level travel time spent in this place.
 D = Time resting spent in this place.
 E = Time spent auto-exploring this place.
 F = Levels seen in this place.
 G = Mean time per level.
                   A        B        C        D        E       F      G
               +--------+--------+--------+--------+--------+-----+--------+
         Total |   5080 |   4987 |     93 |    263 |   2884 |   8 |  635.0 |
       Dungeon |   4682 |   4589 |     93 |    263 |   2702 |   7 |  668.9 |
         Sewer |    397 |    397 |      0 |      0 |    182 |   1 |  397.0 |
               +--------+--------+--------+--------+--------+-----+--------+

Top non-repeatable levels by time:
     D:3: 1275 daAuts
     D:5: 837 daAuts
     D:1: 784 daAuts
     D:4: 709 daAuts
     D:2: 666 daAuts
   Sewer: 397 daAuts
     D:6: 234 daAuts
     D:7: 173 daAuts
